 Dungeon Crawl Stone Soup version 0.29-a0-506-ga2e7fffb44 (webtiles) character file.

Game seed: 3533447669631589679

105 Sabo the Chopper (level 4, 0/35 HPs)
             Began as a Demonspawn Gladiator on May 28, 2022.
             Was a Follower of Nemelex Xobeh.
             Splashed by a jelly's acid (6 damage)
             ... on level 3 of the Dungeon.
             The game lasted 00:09:10 (1760 turns).

Sabo the Chopper (Demonspawn Gladiator)             Turns: 1760, Time: 00:09:13

Health: 0/35       AC: -4    Str: 16    XL:     4   Next: 53%
Magic:  4/4        EV: 11    Int: 10    God:    Nemelex Xobeh [*.....]
Gold:   81         SH:  0    Dex: 14    Spells: 3/3 levels left

rFire   . . .      SeeInvis .   a - +0 war axe
rCold   . . .      Faith    .   b - orb {light}
rNeg    . . .      Spirit   .   l - +0 scale mail
rPois   .          Reflect  .   c - +0 helmet
rElec   .          Harm     .   (no cloak)
rCorr   .          Rampage  .   (no gloves)
Will    .....                   (no boots)
Stlth   ..........              (no amulet)
HPRegen 0.11/turn               (no ring)
MPRegen 0.09/turn               (no ring)

@: corroded, glowing
A: ignite blood 1, sturdy frame 1
a: Renounce Religion, Draw Escape, Draw Destruction, Draw Summoning


You were on level 3 of the Dungeon.
You worshipped Nemelex Xobeh.
Nemelex Xobeh was aware of your devotion.
You visited 1 branch of the dungeon, and saw 3 of its levels.

You collected 81 gold pieces.

Inventory:

Hand Weapons
 a - a +0 war axe (weapon)
Missiles
 d - 3 throwing nets
 e - a javelin (quivered)
 n - 2 poisoned darts
Armour
 b - an orb of light (worn)
 c - a +0 helmet (worn)
 l - a +0 scale mail (worn)
Scrolls
 h - a scroll of enchant weapon
 k - a scroll of vulnerability {unknown}
 o - a scroll of magic mapping
 p - a scroll of blinking {unknown}
Potions
 f - a potion of curing {unknown}
 g - 3 potions of mutation {unknown}
 i - 2 potions of attraction {unknown}
 j - a potion of cancellation {unknown}
 m - a potion of might {unknown}


   Skills:
 + Level 3.0 Fighting
 + Level 3.9 Axes
 + Level 1.8 Throwing
 + Level 1.1 Armour
 + Level 3.0 Dodging


You had 3 spell levels left.
You didn't know any spells.
Your spell library contained the following spells:

 Spells                   Type           Power      Damage    Failure   Level
 Beastly Appendage        Tmut           0%         N/A       65%         1
 Wereblood                Tmut           0%         N/A       78%         2
 Gell's Gravitas          Tloc           0%         N/A       95%         3
 Lesser Beckoning         Tloc           0%         N/A       95%         3
 Spider Form              Tmut/Pois      0%         N/A       95%         3
 Teleport Other           Tloc           0%         N/A       95%         3


Dungeon Overview and Level Annotations

Branches:
Dungeon (3/15)

Altars:
Nemelex Xobeh

Annotations:
D:3 3 runed translucent doors, Robin; hquester's ghost, amateur SpHu


Innate Abilities, Weirdness & Mutations

Your demonic aura sometimes causes spilled blood to erupt in flames.
Your movements are slightly less encumbered by armour. (ER -2)


Message History

The endoplasm is lightly wounded.
The endoplasm hits you but does no damage.
You hit the endoplasm.
You kill the endoplasm!
The adder bites you but does no damage. x2
You slash the adder!
You kill the adder!
Your Fighting skill increases to level 3!
Found a scroll labelled CIOZU KOGOEMUC.
Found a stone staircase leading down.
p - a scroll labelled CIOZU KOGOEMUC Nemelex Xobeh deals you some cards!
You now have 4 escape cards, 7 destruction cards and 2 summoning cards.
Found 15 stones.
Okay, then.
Found a scroll labelled AXEWOBRAPN.
Found 5 gold pieces.
The jelly quivers.
A goblin comes into view. It is wielding a +0 dagger.
Found a Young Poisoner's Handbook, 11 gold pieces and a robe.
The goblin shouts!
You hit the jelly. The acid corrodes you!
Your hands burn!
The jelly is moderately wounded.
The jelly hits you but does no damage.
You hit the jelly but do no damage.
Your hands burn!
The jelly is moderately wounded.
The jelly barely misses you.
You hit the jelly but do no damage.
Your hands burn!
The jelly is moderately wounded.
The jelly misses you. The jelly hits you.
You are splashed with acid!
You slash the jelly!
Your hands burn!
The jelly is severely wounded.
The jelly hits you but does no damage.
You hit the jelly. The acid corrodes you!
Your hands burn!
* * * LOW HITPOINT WARNING * * *
The jelly is almost dead.
You hit the goblin. The goblin barely misses you. The jelly hits you.
* * * LOW HITPOINT WARNING * * *
The acid corrodes you!
You are splashed with acid.
You die...
Your body disappears without additional glow.

# ...##g.........#.#
##.#(.#.............#
#........#.......####
####.#.#.##..........#
#..$.#...............#
.....................#
.....................#
:≈.....J.............#
....?..@............##
......g#######.....##
..^.... #######
......# .≈...$ [.....
..... #....


You could see a jelly and a goblin.

Vanquished Creatures
  5 adders
  2 worms (D:2)
  3 dart slugs (D:1)
  3 endoplasms
  4 giant cockroaches
  8 goblins
  4 hobgoblins
  4 kobolds
  2 ball pythons
  6 bats
  A frilled lizard (D:2)
  4 rats
46 creatures vanquished.

Notes
Turn   | Place    | Note
-------+----------+-------------------------------------------
     0 | D:1      | Sabo the Demonspawn Gladiator began the quest for the Orb.
     0 | D:1      | Reached XP level 1. HP: 16/16 MP: 1/1
   265 | D:1      | Gained mutation: Your movements are slightly less
                  | encumbered by armour. (ER -2) [demonic ancestry]
   265 | D:1      | Reached XP level 2. HP: 18/22 MP: 2/2
   771 | D:2      | Reached XP level 3. HP: 21/28 MP: 3/3
  1383 | D:2      | Gained mutation: Your demonic aura sometimes causes spilled
                  | blood to erupt in flames. [demonic ancestry]
  1383 | D:2      | Reached XP level 4. HP: 32/34 MP: 4/4
  1421 | D:2      | Found a faded altar of an unknown god.
  1429 | D:2      | Reached skill level 1 in Armour
  1438 | D:2      | Prayed at the altar of an unknown god.
  1438 | D:2      | Became a worshipper of Nemelex Xobeh the Trickster
  1438 | D:2      | Reached * piety under Nemelex Xobeh
  1546 | D:3      | Noticed Robin
  1693 | D:3      | Noticed hquester's ghost (amateur SpHu)
  1703 | D:3      | Found a runed translucent gate.
  1703 | D:3      | Found a runed translucent gate.
  1705 | D:3      | Found a runed translucent gate.
  1749 | D:3      | Received a gift from Nemelex Xobeh
  1760 | D:3      | Splashed by a jelly's acid

Illustrated notes

Levels and vault maps discovered:
D:1:      lordsloth_arrival_two_stooges, layout_loops_ring
D:2:      layout_basic, ebering_ecumenical_altar_webs
D:3:      layout_rooms, gammafunk_ghost_split, skrybe_limestone_x, uniq_robin

Skill      XL: |  1  2  3  4 |
---------------+-------------+-----
Axes           | 3 |  3.9
Dodging        | 3 |  3.0
Armour         | 1 |  1.1
Fighting       | 3 |  3.0
Throwing       | |  1.8

Action                   |  1- 3 |  4- 6 || total
-------------------------+-------+-------++-------
Melee: War axe           |    89 |    28 ||   117
       Punch             |     1 |       ||     1
  Use: Scroll            |       |     2 ||     2
Armor: Leather armour    |    18 |       ||    18
       Scale mail        |    14 |    17 ||    31
       Chain mail        |    16 |    11 ||    27
Dodge: Dodged            |    61 |    21 ||    82

Table legend: (Time is in decaauts)
 A = Elapsed time spent in this place.
 B = Non-inter-level travel time spent in this place.
 C = Inter-level travel time spent in this place.
 D = Time resting spent in this place.
 E = Time spent auto-exploring this place.
 F = Levels seen in this place.
 G = Mean time per level.
                   A        B        C        D        E       F      G
               +--------+--------+--------+--------+--------+-----+--------+
         Total |   1798 |   1798 |      0 |    349 |      0 |   3 |  599.3 |
       Dungeon |   1798 |   1798 |      0 |    349 |      0 |   3 |  599.3 |
               +--------+--------+--------+--------+--------+-----+--------+

Top non-repeatable levels by time:
     D:2: 891 daAuts
     D:1: 780 daAuts
     D:3: 127 daAuts
